 Dungeon Crawl Stone Soup version 0.28-a0-1130-gc51a68064b (webtiles) character file.

Game seed: 10708054964028584995

16 mcbry74 the Insei (level 2, 0/18 HPs)
             Began as an Octopode Transmuter on Dec 12, 2021.
             Slain by an endoplasm (3 damage)
             ... on level 1 of the Dungeon.
             The game lasted 00:01:42 (528 turns).

mcbry74 the Insei (Octopode Transmuter)              Turns: 528, Time: 00:01:43

Health: 0/18       AC:  1    Str:  9    XL:     2   Next: 58%
Magic:  5/5        EV: 13    Int: 15    God:
Gold:   10         SH:  0    Dex: 12    Spells: 4/5 levels left

rFire   . . .      SeeInvis .     - Unarmed
rCold   . . .      Faith    .   (no shield)
rNeg    . . .      Spirit   .   (helmet restricted)
rPois   .          Reflect  .   (no amulet)
rElec   .          Harm     .   (no ring)
rCorr   .          Rampage  .   (no ring)
Will    .....                   (no ring)
Stlth   ++........              (no ring)
HPRegen 0.06/turn               (no ring)
MPRegen 0.09/turn               (no ring)
                                (no ring)
                                (no ring)

@: no status effects
A: almost no armour, amphibious, 8 rings, camouflage 1, gelatinous body 1,
(nimble swimmer 1), tentacles
a: no special abilities


You were on level 1 of the Dungeon.
You visited 1 branch of the dungeon, and saw 1 of its levels.

You collected 10 gold pieces.

Inventory:

Missiles
 a - 31 stones
Scrolls
 b - a scroll of enchant armour {unknown}


   Skills:
 - Level 1.0 Fighting
 - Level 2.0 Dodging
 + Level 3.8 Unarmed Combat
 - Level 2.0 Spellcasting
 - Level 2.0 Transmutations


You had 4 spell levels left.
You knew the following spells:

 Your Spells              Type           Power      Damage    Failure   Level
a - Beastly Appendage     Tmut           14%        N/A       10%         1

Your spell library contained the following spells:

 Spells                   Type           Power      Damage    Failure   Level
 Wereblood                Tmut           7%         N/A       14%         2
 Spider Form              Tmut/Pois      4%         N/A       41%         3
 Ice Form                 Ice/Tmut       4%         N/A       82%         4


Dungeon Overview and Level Annotations

Branches:
Dungeon (1/15)

Altars:


Innate Abilities, Weirdness & Mutations

You cannot wear most types of armour.
You are amphibious.
You can wear up to eight rings at the same time.
Your skin changes colour to match your surroundings (Stealth+).
Your rubbery body absorbs attacks. (AC +1, EV +1)
((You are camouflaged near water. (Stealth+)))
You have tentacles for arms and can constrict up to eight enemies at once.


Message History

The ball python constricts you.
* * * LOW HITPOINT WARNING * * *
The ball python closely misses you. The ball python constricts you.
* * * LOW HITPOINT WARNING * * *
You tentacle-slap the ball python.
You kill the ball python!
The bat closely misses you.
You tentacle-slap the bat. Your grab misses the bat.
The bat is severely wounded.
The bat closely misses you.
You closely miss the bat. Your grab misses the bat.
The bat is severely wounded.
The bat hits you.
* * * LOW HITPOINT WARNING * * *
The bat hits you but does no damage.
You tentacle-slap the bat but do no damage.
You grab the bat.
The bat is severely wounded.
You constrict the bat, but do no damage.
The bat barely misses you.
You tentacle-slap the bat.
You kill the bat!
You barely miss the ball python.
The goblin shouts!
You grab the ball python. You squeeze the ball python.
The ball python is severely wounded.
You constrict the ball python.
You kill the ball python!
You tentacle-slap the endoplasm.
The endoplasm is heavily wounded.
The endoplasm hits you but does no damage.
You tentacle-slap the endoplasm.
The endoplasm is severely wounded.
The endoplasm freezes you.
You are frozen.
* * * LOW HITPOINT WARNING * * *
You completely miss the endoplasm.
The endoplasm is severely wounded.
The endoplasm hits you.
You die...

###.#.#... #.....#####.##
...#....# #...........##
#......# #.....#.##.###
.S...# #.....#....... #...#
###..#####.### #..#
##..#####.# #..#
#.........# .
##..#######....######
...#.g..J@†..#....# ####
.g.......####.####.## #...
..#...........###.#.####...
#............†>###.......
#...........###.#.####...
#..#....####.# #.## #...
..(##..... ..# #.# #### ###
#...## #### #.# #[.. #.#


You could see an endoplasm and a goblin.

Vanquished Creatures
  A dart slug (D:1)
  2 ball pythons (D:1)
  An endoplasm (D:1)
  A hobgoblin (D:1)
  4 jackals (D:1)
  A bat (D:1)
  2 kobolds (D:1)
12 creatures vanquished.

Notes
Turn   | Place    | Note
-------+----------+-------------------------------------------
     0 | D:1      | mcbry74 the Octopode Transmuter began the quest for the
                  | Orb.
     0 | D:1      | Reached XP level 1. HP: 13/13 MP: 3/3
   353 | D:1      | Reached XP level 2. HP: 13/18 MP: 3/5
   528 | D:1      | Slain by an endoplasm

Illustrated notes

Levels and vault maps discovered:
D:1:      lightli_iron_boxes, layout_loops_cross, minmay_three_crescents

Action                   || total
-------------------------++-------
Melee: Unarmed           ||    44
       Kick              ||     3
       Constrict         ||     8
       Tentacles         ||     6
       Punch             ||     2
 Cast: Beastly Appendage ||     2
 Stab: Sleeping          ||     1
Armor: Skin              ||     5
Dodge: Dodged            ||    28

Table legend: (Time is in decaauts)
 A = Elapsed time spent in this place.
 B = Non-inter-level travel time spent in this place.
 C = Inter-level travel time spent in this place.
 D = Time resting spent in this place.
 E = Time spent auto-exploring this place.
 F = Levels seen in this place.
 G = Mean time per level.
                   A        B        C        D        E       F      G
               +--------+--------+--------+--------+--------+-----+--------+
         Total |    525 |    525 |      0 |    116 |    316 |   1 |  525.0 |
       Dungeon |    525 |    525 |      0 |    116 |    316 |   1 |  525.0 |
               +--------+--------+--------+--------+--------+-----+--------+

Top non-repeatable levels by time:
     D:1: 525 daAuts
